 Dungeon Crawl Stone Soup version 0.31-a0-1499-ge0622b2318 (webtiles) character file.

Game seed: 4081900230365984772

15253 Pooter the Skirmisher (level 11, 0/153 HPs)
             Began as a Minotaur Berserker on Dec 29, 2023.
             Was an Elder of Trog.
             Succumbed to a killer bee's poison
             ... on level 1 of the Lair of Beasts.
             The game lasted 01:03:59 (14166 turns).

Pooter the Skirmisher (Minotaur Berserker)         Turns: 14166, Time: 01:03:59

Health: 0/153      AC: 15    Str: 31    XL:     11   Next: 99%
Magic:  10/10      EV:  8    Int:  4    God:    Trog [****..]
Gold:   1008       SH:  0    Dex:  9    Spells: 10/10 levels left

rFire   + . .        a - +0 battleaxe (heavy)
rCold   + + +        (shield currently unavailable)
rNeg    . . .        H - +2 plate armour {rF+}
rPois   .            (helmet restricted)
rElec   .            r - +0 cloak
rCorr   .            M - +0 pair of gloves
SInv    .            (no boots)
Will    ++...        (no amulet) Stlth
                     v - ring of Iseosiosm {rC++ Str+6 Dex-2 Slay+6}
HPRegen 1.45/turn    I - ring of protection from cold
MPRegen 0.12/turn

%: no passive effects
@: berserking, lethally poisoned (0 -> -3), strong-willed (expiring),
regenerating (expiring), very quick
A: horns 2, retaliatory headbutt
a: Renounce Religion, Berserk, Trog's Hand, Brothers in Arms


You were on level 1 of the Lair of Beasts.
You worshipped Trog.
Trog was greatly pleased with you.
You visited 2 branches of the dungeon, and saw 11 of its levels.
You also visited: Ossuary.

You collected 1161 gold pieces.
You spent 153 gold pieces at shops.

Inventory:

Hand Weapons
 a - a +0 heavy battleaxe (weapon)
   (You took it off a wight on level 8 of the Dungeon)
 b - a +5 heavy arbalest
   (You found it on level 5 of the Dungeon)
 s - a +4 quarterstaff of chaos
   (You took it off Crazy Yiuf on level 2 of the Dungeon)
 A - a +3 trident of draining
   (You took it off Jeremiah on level 8 of the Dungeon)
 B - a +0 morningstar
   (You took it off an orc on level 4 of the Dungeon)
 T - a +4 halberd
   (You took it off a wight on level 8 of the Dungeon)
 V - the +1 hammer "Murmur" {drain, rPois Str+2 Int+3}
   (You found it on level 2 of the Dungeon)

   Str+2:     It affects your strength (+2).
   Int+3:     It affects your intelligence (+3).
   rPois:     It protects you from poison
Missiles
 q - 2 throwing nets {!f}
 F - 11 poisoned darts
 G - 9 boomerangs (quivered)
 Q - 83 stones
Armour
 o - a +0 kite shield
   (You found it on level 3 of the Dungeon)
 r - a +0 cloak (worn)
   (You took it off Crazy Yiuf on level 2 of the Dungeon)
 H - a +2 plate armour of fire resistance (worn)
   (You found it on level 5 of the Dungeon)
 M - a +0 pair of gloves (worn)
   (You found it on level 3 of the Dungeon)
Jewellery
 v - the ring of Iseosiosm (left hand) {rC++ Str+6 Dex-2 Slay+6}
   (You acquired it on level 8 of the Dungeon)

   [ring of strength]

   Str+6:     It affects your strength (+6).
   Dex-2:     It affects your dexterity (-2).
   Slay+6:    It affects your accuracy & damage with ranged weapons and melee
   (+6).
   rC++:      It greatly protects you from cold.
 E - a ring of flight
   (You found it on level 9 of the Dungeon)
 I - a ring of protection from cold (right hand)
   (You found it on level 9 of the Dungeon)
Wands
 d - a wand of iceblast (27)
   (You found it on level 5 of the Dungeon)
 f - a wand of flame (26)
   (You took it off Ijyb on level 3 of the Dungeon)
 u - a wand of paralysis (7)
   (You found it on level 7 of the Dungeon)
 D - a wand of digging (14)
   (You found it on level 10 of the Dungeon)
 K - a wand of polymorph (6)
   (You found it on level 6 of the Dungeon)
 L - a wand of quicksilver (3)
   (You found it on level 10 of the Dungeon)
Scrolls
 c - a scroll of revelation
 i - 3 scrolls of fear
 l - 2 scrolls of immolation {!r}
 m - a scroll of fog
 p - a scroll of silence
 t - 2 scrolls of teleportation {@r4}
 w - 3 scrolls of noise {unknown}
 y - a scroll of vulnerability {!r}
 z - 2 scrolls of poison {!r}
 J - a scroll of blinking
 W - 2 scrolls of butterflies {unknown}
Potions
 e - a potion of ambrosia
 g - 9 potions of curing {@q1}
 h - 3 potions of attraction {unknown}
 j - 5 potions of heal wounds {@q2}
 k - a potion of haste {unknown}
 n - 2 potions of lignification {unknown}
 x - 7 potions of brilliance {unknown}
 C - 2 potions of enlightenment {unknown}
 O - 2 potions of mutation {unknown}
 P - a potion of cancellation {unknown}
 R - a potion of berserk rage {unknown}
 S - 3 potions of invisibility {unknown}
 U - 2 potions of magic {unknown}


   Skills:
 + Level 11.4 Fighting
 * Level 11.8(13.6) Axes
 - Level 11.1(13.2) Maces & Flails
 * Level 12.4 Ranged Weapons
 - Level 2.4 Armour
 - Level 2.1 Dodging


You had 10 spell levels left.
You didn't know any spells.
Your spell library was empty.

Dungeon Overview and Level Annotations

Branches:
Dungeon (10/15) Zot: 25448  Temple (0/1) D:7            Lair (1/5) D:9 Zot: 3689
Ossuary (visited)
    Orc: D:9-12

Altars:
Dithmenos
Gozag
Hepliaklqana
Makhleb
Okawaru
Qazlal
Ru
Uskayaw
Vehumet
Wu Jian
Xom
Zin
The Shining One

Shops:
D:3 *   D:9 :

Annotations:
D:4 3 runed translucent doors, BigPumpCobain's ghost, amateur DrSh; BigPumpCobain's ghost, amateur MiFi; MrSquiggles's ghost, amateur HuAE; bungle's ghost, amateur GrEE


Innate Abilities, Weirdness & Mutations

You have a pair of horns on your head.
You reflexively headbutt those who attack you in melee.


Message History

* * * LOW HITPOINT WARNING * * *
You are more poisoned.
The killer bee poisons you!
You slice the killer bee!!
You kill the killer bee!
Trog accepts your kill.
You feel very sick. The killer bee barely misses you.
The killer bee stings you.
* * * LOW HITPOINT WARNING * * *
You open the killer bee like a pillowcase!!!
You feel the power of Trog in you as your rage grows.
You kill the killer bee!
Trog accepts your kill.
You feel very sick.
The killer bee stings you but does no damage.
The killer bee stings you.
* * * LOW HITPOINT WARNING * * *
You are more poisoned.
The killer bee poisons you!
You slash the killer bee!
You feel very sick. The killer bee barely misses you. You furiously retaliate!
You headbutt the killer bee!!
You kill the killer bee!
Trog accepts your kill.
The killer bee stings you but does no damage.
You barely miss the queen bee.
You feel very sick.
The killer bee rages.
You slice the queen bee!! You headbutt the queen bee.
You kill the queen bee!
Trog accepts your kill.
You feel very sick. The killer bee stings you.
* * * LOW HITPOINT WARNING * * *
You are more poisoned.
The killer bee poisons you!
The killer bee stings you but does no damage.
You closely miss the killer bee.
You feel the effects of Trog's Hand fading.
You feel very sick. The killer bee stings you!
* * * LOW HITPOINT WARNING * * *
The killer bee stings you.
* * * LOW HITPOINT WARNING * * *
The killer bee stings you but does no damage.
You slice the killer bee!!
You kill the killer bee!
Trog accepts your kill.
You die...

#..## ##.## #...#
##.### ### ##...#
!!† #..### †.
##...#
#y#####..###
#y†@.....#
#######..##
#.P###..#
.....##.##
.........##
..........####
###.#......#.#####
# ##.###.....#.#
## #..###....


You could see 2 killer bees.

Vanquished Creatures
  The ghost of BigPumpCobain the Grappler, a journeyman TrSh of Trog (D:10)
  Harold (D:9)
  A centaur warrior (D:10)
  2 two-headed ogres (D:10)
  Pikel (D:8)
  A black mamba (Lair:1)
  A cane toad (Lair:1)
  3 komodo dragons
  Jeremiah (D:8)
  A rime drake (D:9)
  Psyche (D:8)
  2 polar bears
  A queen bee (Lair:1)
  A troll (D:7)
  2 shadows (D:10)
  2 wraiths (D:9)
  A wyvern (D:7)
  12 yaks
  A steam dragon (D:7)
  Menkaure (D:7)
  An acid dragon (D:7)
  5 water moccasins (Lair:1)
  3 orc warriors
  A black bear (D:5)
  7 ice beasts
  A sky beast (D:6)
  A centaur (D:7)
  5 ogres
  2 elf zombies (D:7)
  2 elf skeletons (D:7)
  4 scorpions
  7 bullfrogs
  6 wights (D:8)
  30 killer bees
  An electric eel (D:7)
  3 howler monkeys
  2 human zombies (D:7)
  2 hounds (D:7)
  6 jellies
  4 bombardier beetles
  4 orc priests
  Crazy Yiuf (D:2)
  Ijyb (D:3)
  Jessica (D:2)
  An iguana (D:4)
  8 orc wizards
  8 mummies (Ossuary)
  Robin (D:3)
  2 gnolls
  10 adders
  A ribbon worm (D:2)
  A shadow imp (D:6)
  2 white imps
  2 dart slugs
  24 orcs
  4 bats
  10 endoplasms
  3 giant cockroaches
  2 gnoll zombies (Ossuary)
  6 goblins
  12 hobgoblins
  A jackal (D:2)
  3 quokkas
  8 ball pythons
  5 frilled lizards
  11 kobolds
  4 kobold zombies (Ossuary)
  2 orc zombies (Ossuary)
  8 rats
276 creatures vanquished.

Notes
Turn   | Place    | Note
-------+----------+-------------------------------------------
     0 | D:1      | Pooter the Minotaur Berserker began the quest for the Orb.
     0 | D:1      | Reached XP level 1. HP: 19/19 MP: 0/0
   121 | D:1      | Reached XP level 2. HP: 21/27 MP: 1/1
   851 | D:1      | Found a faded altar of an unknown god.
   960 | D:2      | Found a shadowy altar of Dithmenos.
  1019 | D:2      | Reached XP level 3. HP: 33/33 MP: 2/2
  1027 | D:2      | Noticed Jessica
  1040 | D:2      | Reached ** piety under Trog
  1041 | D:2      | Reached skill level 5 in Axes
  1041 | D:2      | Killed Jessica
  1042 | D:2      | Reached XP level 4. HP: 41/41 MP: 3/3
  1389 | D:2      | You fall into a shaft and drop 1 floor!
  1624 | D:2      | Found a runed translucent door.
  1625 | D:2      | Noticed Crazy Yiuf
  1634 | D:2      | Killed Crazy Yiuf
  1635 | D:2      | Reached skill level 5 in Fighting
  1635 | D:2      | Reached XP level 5. HP: 45/48 MP: 4/4
  1687 | D:2      | Identified the +1 hammer "Murmur" {drain, rPois Str+2
                  | Int+3}
  1763 | D:3      | Found an iron altar of Okawaru.
  1776 | D:3      | Reached skill level 1 in Maces & Flails
  1854 | D:3      | Found a stormy altar of Qazlal.
  1854 | D:3      | Found a shimmering altar of Xom.
  1861 | D:3      | Found a hide-covered altar of Uskayaw.
  1863 | D:3      | Found a radiant altar of Vehumet.
  1865 | D:3      | Found a burning altar of Makhleb.
  1951 | D:3      | Identified the +0 helmet of the Shining One's Whim {rN+
                  | Str+2}
  1951 | D:3      | Noticed Robin
  1952 | D:3      | Noticed Ijyb
  1963 | D:3      | Killed Ijyb
  1969 | D:3      | Killed Robin
  2015 | D:3      | Found Uqevayk's Assorted Antiques.
  2028 | D:3      | Bought a viscous amethyst potion for 23 gold pieces
  2028 | D:3      | Bought a scroll of identify for 52 gold pieces
  2028 | D:3      | Bought a scroll labelled JOTWOV ABIFUDO for 26 gold pieces
  2028 | D:3      | Bought a scroll of identify for 52 gold pieces
  2054 | D:3      | Found a sacrificial altar of Ru.
  2133 | D:3      | Found a glowing silver altar of Zin.
  2135 | D:3      | Reached XP level 6. HP: 56/56 MP: 5/5
  2539 | D:4      | Found an opulent altar of Gozag.
  2710 | D:4      | Reached *** piety under Trog
  2773 | D:4      | Reached XP level 7. HP: 63/63 MP: 6/6
  2947 | D:4      | Reached skill level 5 in Maces & Flails
  3001 | D:4      | Reached skill level 1 in Ranged Weapons
  3211 | D:4      | Found a runed translucent gate.
  3212 | D:4      | Found a runed translucent gate.
  3212 | D:4      | Found a runed translucent gate.
  3213 | D:4      | Noticed BigPumpCobain's ghost (amateur DrSh)
  3213 | D:4      | Noticed MrSquiggles's ghost (amateur HuAE)
  3214 | D:4      | Noticed BigPumpCobain's ghost (amateur MiFi)
  3214 | D:4      | Noticed bungle's ghost (amateur GrEE)
  3396 | D:5      | Entered Level 5 of the Dungeon
  3478 | D:5      | Reached skill level 2 in Ranged Weapons
  3601 | D:5      | Reached skill level 3 in Ranged Weapons
  3601 | D:5      | Reached XP level 8. HP: 60/71 MP: 7/7
  4197 | D:6      | Reached skill level 4 in Ranged Weapons
  4650 | D:6      | Reached skill level 5 in Ranged Weapons
  4800 | D:7      | Found a staircase to the Ecumenical Temple.
  4913 | D:7      | Reached XP level 9. HP: 80/80 MP: 8/8
  4978 | D:7      | Noticed Menkaure
  4982 | D:7      | Killed Menkaure
  4983 | D:7      | Reached skill level 6 in Ranged Weapons
  5027 | D:7      | Found a sand-covered staircase.
  5049 | Ossuary  | Entered an ossuary
  5900 | D:7      | Reached skill level 7 in Ranged Weapons
  6515 | D:7      | Noticed a troll
  6525 | D:7      | Killed a troll
  6772 | D:7      | Reached skill level 10 in Maces & Flails
  6773 | D:7      | Reached skill level 8 in Ranged Weapons
  6975 | D:7      | Found an ornate altar of the Wu Jian Council.
  7179 | D:8      | Noticed Psyche
  7188 | D:8      | Killed Psyche
  7189 | D:8      | Reached XP level 10. HP: 91/91 MP: 9/9
  7241 | D:8      | Identified a scroll of acquirement
  7241 | D:8      | Acquired the ring of Iseosiosm {rC++ Str+6 Dex-2 Slay+6}
  7649 | D:8      | Noticed Jeremiah
  7686 | D:8      | Noticed Pikel
  8095 | D:9      | Found a staircase to the Lair.
  8245 | D:9      | Noticed Harold
  8258 | D:9      | Found Uchish's Vocational Training.
  8456 | D:8      | Reached **** piety under Trog
  8668 | D:8      | Reached skill level 9 in Ranged Weapons
  8674 | D:8      | Killed Jeremiah
  9137 | D:8      | Killed Pikel
  9586 | D:9      | Reached skill level 10 in Fighting
  9586 | D:9      | Reached skill level 10 in Ranged Weapons
  9595 | D:9      | Killed Harold
  9974 | D:9      | Reached XP level 11. HP: 100/100 MP: 10/10
 10158 | D:9      | Found a glowing golden altar of the Shining One.
 10247 | D:9      | Found a hazy altar of Hepliaklqana.
 10413 | D:10     | Entered Level 10 of the Dungeon
 10413 | D:10     | Noticed a centaur warrior
 10570 | D:10     | Killed a centaur warrior
 10835 | D:10     | Noticed a two-headed ogre
 10852 | D:10     | Killed a two-headed ogre
 10873 | D:10     | Reached skill level 11 in Ranged Weapons
 10874 | D:10     | Reached skill level 10 in Axes
 11321 | D:10     | Noticed a two-headed ogre
 11325 | D:10     | Killed a two-headed ogre
 11551 | D:10     | Identified the orb "Guvvuat" {light, Int+5 Dex-4}
 11628 | D:10     | Found a runed translucent door.
 11628 | D:10     | Noticed BigPumpCobain's ghost (journeyman TrSh)
 11796 | D:10     | Killed BigPumpCobain's ghost
 11907 | Lair:1   | Entered Level 1 of the Lair of Beasts
 13480 | Lair:1   | Reached skill level 12 in Ranged Weapons
 14165 | Lair:1   | HP: 4/153 [killer bee (7)]
 14166 | Lair:1   | Succumbed to a killer bee's poison

Illustrated notes

Levels and vault maps discovered:
D:1:      elethiomel_arrival_diamonds, layout_basic,
          shapermc_ecumenical_altar_mp_vishouse
D:2:      layout_rooms, basic_altar, minmay_diced_spiral, uniq_jessica,
          uniq_crazy_yiuf_cottage
D:3:      layout_basic, mainiacjoe_overflow_concentric_impassable,
          mainiacjoe_overflow_six_doors_small, mainiacjoe_overflow_chevrons,
          chequers_temple_overflow_minitemple, serial_shops, shop,
          minmay_misc_feat_doors, nicolae_goblin_pals
D:4:      layout_loops_ring, mainiacjoe_overflow_cross_hatched,
          gammafunk_ghost_cemetery, minmay_joined_circles
D:5:      layout_loops_ring
D:6:      layout_rooms
D:7:      layout_gridville, pdpol_wu_jian_five_deadly_venoms,
          minmay_temple_entry_gardened_gates, nicolae_ossuary_entry_catacombs,
          kennysheep_generic_room_16, uniq_menkaure
D:8:      layout_rooms, grunt_ministairs_14, uniq_jeremiah, uniq_pikel,
          uniq_psyche
D:9:      layout_roguey, amcnicky_altar_gilded,
          worldfamousw_hep_ancestral_shrine, hellmonk_lair_entry_icy,
          minmay_strange_pillars, nicolae_shop_vocational, uniq_harold
D:10:     layout_roguey, gammafunk_ghost_grave
Lair:1:   layout_cave_pods, special_room [special_room_bee]

Skill      XL: |  1  2  3  4  5  6  7  8  9 10 11 |
---------------+----------------------------------+-----
Axes           | 4 5 6 7 9 11 | 11.8
Fighting       | 4 5 6 7 9 10 11 | 11.4
Maces & Flails | 2 4 6 8 10 11 | 11.1
Ranged Weapons | 3 5 8 10 12 | 12.4
Armour         | |  2.4
Dodging        | |  2.1

Action                     |  1- 3 |  4- 6 |  7- 9 | 10-12 || total
---------------------------+-------+-------+-------+-------++-------
  Melee: Hand axe          |    54 |    48 |       |       ||   102
         Headbutt          |     6 |    14 |    29 |    15 ||    64
         Mace              |       |    70 |       |    29 ||    99
         Morningstar       |       |    21 |   190 |       ||   211
         Punch             |       |       |     1 |       ||     1
         Battleaxe         |       |       |       |    77 ||    77
   Fire: Arbalest          |       |       |    76 |    89 ||   165
         Sling             |       |       |     6 |       ||     6
  Throw: Boomerang         |     7 |     3 |       |       ||    10
         Dart              |       |       |     4 |       ||     4
 Invoke: Berserk           |       |     3 |    11 |    11 ||    25
         Trog's Hand       |       |     2 |     5 |     7 ||    14
  Evoke: Wand              |       |       |     5 |    12 ||    17
    Use: Scroll            |     2 |     3 |     8 |    17 ||    30
         Potion            |       |       |       |     1 ||     1
 Armour: Animal skin       |    12 |       |       |       ||    12
         Chain mail        |     5 |    96 |    39 |       ||   140
         Plate armour      |       |       |   183 |   229 ||   412
  Dodge: Dodged            |    28 |    42 |    84 |   101 ||   255
  Block: Kite shield       |       |    36 |     5 |       ||    41

Table legend: (Time is in decaauts)
 A = Elapsed time spent in this place.
 B = Non-inter-level travel time spent in this place.
 C = Inter-level travel time spent in this place.
 D = Time resting spent in this place.
 E = Time spent auto-exploring this place.
 F = Levels seen in this place.
 G = Mean time per level.
                   A        B        C        D        E       F      G
               +--------+--------+--------+--------+--------+-----+--------+
         Total |  14668 |  14390 |    278 |   5872 |   6127 |  12 | 1222.3 |
       Dungeon |  11608 |  11331 |    277 |   3725 |   5512 |  10 | 1160.8 |
          Lair |   2310 |   2310 |      0 |   1600 |    544 |   1 | 2310.0 |
       Ossuary |    749 |    749 |      0 |    546 |     71 |   1 |  749.0 |
               +--------+--------+--------+--------+--------+-----+--------+

Top non-repeatable levels by time:
  Lair:1: 2310 daAuts
     D:9: 1812 daAuts
     D:8: 1767 daAuts
     D:7: 1726 daAuts
    D:10: 1373 daAuts
     D:4: 1046 daAuts
     D:1: 963 daAuts
     D:5: 811 daAuts
     D:2: 762 daAuts
 Ossuary: 749 daAuts
     D:3: 716 daAuts
     D:6: 629 daAuts
